 Dungeon Crawl Stone Soup version 0.28.0-43-g3370ac3207 (webtiles) character file.

Game seed: 1641648203694871110

270 terff the Covered (level 6, -2/53 HPs)
             Began as a Hill Orc Fighter on Apr 1, 2022.
             Killed from afar by an orc wizard (3 damage)
             ... with a magic dart
             ... on level 4 of the Dungeon.
             The game lasted 00:05:29 (3624 turns).

terff the Covered (Hill Orc Fighter)                Turns: 3624, Time: 00:05:31

Health: -2/53      AC: 24    Str: 19    XL:     6   Next: 22%
Magic:  6/6        EV:  5    Int:  8    God:
Gold:   118        SH:  0    Dex: 12    Spells: 5/5 levels left

rFire   . . .      SeeInvis .   o - +2 mace (protect)
rCold   . . .      Faith    .   c - +0 buckler
rNeg    . . .      Spirit   .   j - +0 plate armour
rPois   .          Reflect  .   p - +2 helmet
rElec   .          Harm     .   e - +0 cloak
rCorr   .          Rampage  .   n - +0 pair of gloves
Will    .....                   (no boots)
Stlth   ..........              (no amulet)
HPRegen 0.17/turn               (no ring)
MPRegen 0.10/turn               (no ring)

@: confused, under a protective aura, on berserk cooldown, slowed, very slow
A: no striking features
a: no special abilities


You were on level 4 of the Dungeon.
You visited 1 branch of the dungeon, and saw 4 of its levels.

You collected 118 gold pieces.

Inventory:

Hand Weapons
 a - a +0 war axe
 i - a +1 mace of draining
 o - a +2 mace of protection (weapon)
Armour
 c - a +0 buckler (worn)
 e - a +0 cloak (worn)
 j - a +0 plate armour (worn)
 n - a +0 pair of gloves (worn)
 p - a +2 helmet (worn)
Jewellery
 h - a ring of ice
Wands
 b - a wand of polymorph (8)
Scrolls
 q - 2 scrolls of teleportation
Potions
 d - 4 potions of might
 f - a potion of brilliance
 g - 2 potions of curing
 l - a potion of cancellation {unknown}
 m - a potion of heal wounds {unknown}
 r - a potion of ambrosia {unknown}
 s - a potion of invisibility {unknown}


   Skills:
 + Level 4.3 Fighting
 + Level 4.0(4.7) Axes
 + Level 2.8(3.6) Maces & Flails
 + Level 4.9 Armour
 + Level 0.2 Dodging
 + Level 0.1 Stealth
 + Level 4.3 Shields


You had 5 spell levels left.
You didn't know any spells.
Your spell library contained the following spells:

 Spells                   Type           Power      Damage    Failure   Level
 Sandblast                Erth           0%         2d4       100%        1
 Passwall                 Tmut/Erth      0%         N/A       100%        2
 Stone Arrow              Conj/Erth      0%         3d7       100%        3


Dungeon Overview and Level Annotations

Branches:
Dungeon (4/15)
 Temple: D:4-7

Altars:

Shops:
D:3 (


Message History

The orc wizard hits you but does no damage.
You completely miss something.
The orc hits you from afar with a +0 trident.
* * * LOW HITPOINT WARNING * * *
The orc wizard hits you but does no damage.
Something hits you but does no damage. The orc hits you but does no damage.
You are too confused!
You miss something.
An orc wizard appears from thin air!
Reactivating autopickup.
The orc wizard hits you with a +0 dagger.
* * * LOW HITPOINT WARNING * * *
The orc wizard hits you but does no damage.
The orc hits you from afar with a +0 trident.
* * * LOW HITPOINT WARNING * * *
The orc wizard casts a spell at you. The magic dart hits you.
* * * LOW HITPOINT WARNING * * *
A red film seems to cover your vision as you go berserk!
You feel yourself moving faster!
You feel mighty!
The orc wizard hits you but does no damage.
The orc hits you but does no damage.
The orc wizard hits you but does no damage.
You feel a strong urge to attack something.
You feel less confused.
The orc wizard points at you and mumbles some strange words.
You are confused.
The orc hits you from afar with a +0 trident.
* * * LOW HITPOINT WARNING * * *
The orc wizard hits you but does no damage. x2
You feel your anger nearly subside.
You are no longer berserk.
You are exhausted.
You feel yourself slow down.
You hit the orc wizard.
Your weapon exudes an aura of protection.
The orc wizard is heavily wounded.
The orc hits you but does no damage.
The orc wizard hits you but does no damage.
The orc wizard casts a spell at you. The magic dart hits you.
You die...

... #......#...#
.. #......#...#
##
#......#...##....
#......# .... ...
#......###)##....
###+#.......#....
#.......'..
#.......########
#.o@o...........
+..o............
#...............
####+###........
#........
#........
#########


You could see 2 orc wizards and an orc.

Vanquished Creatures
  An orc priest (D:4)
  An orc wizard (D:2)
  An iguana (D:4)
  A killer bee zombie (D:4)
  Robin (D:3)
  2 adders
  3 dart slugs
  4 orcs
  5 bats
  4 endoplasms
  A giant cockroach (D:2)
  16 goblins
  13 hobgoblins
  4 quokkas
  5 ball pythons
  2 frilled lizards (D:2)
  7 kobolds
  5 rats
76 creatures vanquished.

Vanquished Creatures (collateral kills)
  A scorpion (D:4)
1 creature vanquished.

Grand Total: 77 creatures vanquished

Notes
Turn   | Place    | Note
-------+----------+-------------------------------------------
     0 | D:1      | terff the Hill Orc Fighter began the quest for the Orb.
     0 | D:1      | Reached XP level 1. HP: 19/19 MP: 1/1
   102 | D:1      | Found a faded altar of an unknown god.
   203 | D:1      | Reached XP level 2. HP: 27/27 MP: 2/2
  1048 | D:2      | Reached XP level 3. HP: 28/33 MP: 3/3
  1228 | D:2      | Reached XP level 4. HP: 5/40 MP: 4/4
  2331 | D:3      | Noticed Robin
  2358 | D:3      | Killed Robin
  2510 | D:3      | Reached skill level 1 in Maces & Flails
  2611 | D:3      | Found Hupowim's Weapon Emporium.
  2785 | D:3      | Reached XP level 5. HP: 44/46 MP: 5/5
  3538 | D:4      | Reached XP level 6. HP: 51/53 MP: 6/6
  3622 | D:4      | HP: 1/79 [orc/+0 trident (4)]
  3624 | D:4      | Killed from afar by an orc wizard

Illustrated notes

Levels and vault maps discovered:
D:1:      sevenhm_arrival_forest_fort_small_3, layout_loops_corners,
          hellmonk_ecumenical_altar_arch_garden
D:2:      layout_loops_ring
D:3:      layout_basic, serial_shops, shop, hangedman_decor_peaks_small,
          kennysheep_generic_room_3, uniq_robin
D:4:      layout_gridville

Skill      XL: |  1  2  3  4  5 |
---------------+----------------+-----
Axes           | 3 4 |  4.0
Fighting       | 4 |  4.3
Armour         | 4 |  4.9
Shields        | 4 |  4.3
Maces & Flails | 1 2 |  2.8
Dodging        | |  0.2
Stealth        | |  0.1

Action                   |  1- 3 |  4- 6 || total
-------------------------+-------+-------++-------
Melee: War axe           |    78 |     5 ||    83
       Mace              |       |   181 ||   181
  Use: Scroll            |     3 |     6 ||     9
       Potion            |       |     1 ||     1
Armor: Scale mail        |    53 |       ||    53
       Plate armour      |       |   216 ||   216
Dodge: Dodged            |    36 |    54 ||    90
Block: Buckler           |    20 |    54 ||    74
